 Dungeon Crawl Stone Soup version 0.19-a0-1654-g9d3f708 (webtiles) character file.

4328 inmateoo the Martial Artist (level 10, -2/76 HPs)
             Began as a Demonspawn Monk on Sept 20, 2016.
             Was an Elder of Cheibriados.
             Slain by a gnoll
             ... wielding a +0 halberd
              (10 damage)
             ... on level 8 of the Dungeon.
             The game lasted 00:15:24 (6727 turns).

inmateoo the Martial Artist (Demonspawn Monk)       Turns: 6727, Time: 00:15:26

Health: -2/76      AC: 17    Str: 23    XL:     10   Next: 12%
Magic:  12/12      EV: 14    Int: 21    God:    Cheibriados [****..]
Gold:   370        SH:  0    Dex: 25    Spells: 0 memorised, 9 levels left

rFire  . . .     SeeInvis .       - Unarmed
rCold  . . .     Gourm    .     j - +0 ring mail
rNeg   . . .     Faith    .     (no shield)
rPois  .         Spirit   .     r - +0 helmet
rElec  .         Dismiss  .     q - +0 cloak
rCorr  .         Reflect  .     A - +0 pair of gloves
MR     .....     Harm     +     (no boots)
Stlth  +.........               d - amulet of harm
                                (no ring)
                                f - +5 ring of protection

@: confused, slowed, very slow
A: talons 1, thin metallic scales 2, powered by death 1, rot immunity
a: Bend Time, Temporal Distortion, Slouch, Renounce Religion


You were on level 8 of the Dungeon.
You worshipped Cheibriados.
Cheibriados was greatly pleased with you.
You were not hungry.

You visited 2 branches of the dungeon, and saw 9 of its levels.

You collected 436 gold pieces.
You spent 66 gold pieces at shops.

Inventory:

Hand Weapons
 C - the +5 mace of Wrongful Imprisonment {freeze, rC+ Stlth+}
   (You found it on level 5 of the Dungeon)

   It has been specially enchanted to freeze those struck by it, causing extra
   injury to most foes and up to half again as much damage against particularly
   susceptible opponents.
   It can also slow down cold-blooded creatures.
   It protects you from cold.
   It makes you more stealthy.
Armour
 g - a +0 buckler
 j - a +0 ring mail (worn)
 q - a +0 cloak (worn)
 r - a +0 helmet (worn)
 A - a +0 pair of gloves (worn)
 E - a +0 ice dragon armour
 F - a +2 shield
Jewellery
 d - an amulet of harm (around neck)
 f - a +5 ring of protection (left hand)
 m - an uncursed ring of ice
 p - an uncursed amulet of magic regeneration
Wands
 l - a wand of acid (0/15)
 t - a wand of digging (2/24)
 w - a wand of flame (22/48)
 x - a wand of iceblast (9/15)
 z - a wand of disintegration (8/24)
 D - a wand of digging (16/24)
Scrolls
 h - 2 scrolls of magic mapping
 s - a scroll of remove curse
 y - a scroll of enchant weapon
 G - a scroll of noise {unknown}
 K - a scroll of fear {unknown}
Potions
 a - a potion of magic
 e - a potion of flight
 i - 3 potions of cure mutation
 n - 2 potions of brilliance
 u - a potion of mutation {unknown}
 v - a potion of ambrosia
 B - 2 potions of lignification {unknown}
 H - a potion of degeneration {unknown}
 J - a potion of berserk rage {unknown}
 L - a potion of cancellation {unknown}
Books
 c - a book of Unlife

   Spells                             Type                      Level
   a - Recall                         Summoning/Translocation      3
   b - Animate Dead                   Necromancy                   4
   c - Control Undead                 Necromancy                   4
   d - Cigotuvi's Embrace             Necromancy                   5
   e - Death Channel                  Necromancy                   6
   f - Simulacrum                     Ice/Necromancy               6
 I - a book of Enchantments

   Spells                             Type                      Level
   a - Cause Fear                     Hexes                        4
   b - Yara's Violent Unravelling     Hexes/Transmutation          5
   c - Silence                        Hexes/Air                    5
   d - Deflect Missiles               Charms/Air                   6
   e - Haste                          Charms                       6
   f - Discord                        Hexes                        8
Comestibles
 b - 9 bread rations
 k - 11 fruits
 o - 5 meat rations


   Skills:
 - Level 6.1 Fighting
 - Level 4.5 Armour
 - Level 3.6 Dodging
 - Level 1.7 Stealth
 * Level 11.3 Unarmed Combat
 - Level 2.9 Invocations


You had 9 spell levels left.
You didn't know any spells.

Dungeon Overview and Level Annotations

Branches:
Dungeon (8/15)             Temple (1/1) D:5
   Lair: D:8-11

Altars:
Cheibriados
Fedhas
Gozag
Hepliaklqana
Makhleb
Nemelex Xobeh
Trog
Vehumet
Zin
The Shining One

Shops:
D:5 *

Annotations:
D:8 Erica


Innate Abilities, Weirdness & Mutations

You have sharp toenails.
You are mostly covered in thin metallic scales. (AC +3)
You regenerate a little health from kills.
You are immune to rotting.


Message History

Erica burns you. The gnoll completely misses you.
The gnoll hits you but does no damage. Erica casts a spell at you.
The bolt of poison misses you. The gnoll barely misses you.
Unknown command.
You closely miss the gnoll. You claw the gnoll, but do no damage.
The gnoll misses you. Erica casts a spell at you.
The bolt of poison misses you. The gnoll closely misses you.
Unknown command.
You punch Erica! Your kick misses Erica.
Erica is moderately wounded.
The gnoll hits you but does no damage. Erica casts a spell at you.
The orb of energy hits you!
* * * LOW HITPOINT WARNING * * *
The orb of energy explodes!
The mystic blast hits the gnoll.
The gnoll dies!
The gnoll hits you from afar with a halberd!
You die...

#...)........#
#...........<# ####
#....[....((.# #...##
#.......)....# #......
#............## ##.......
##...........)###........
###............##).......
##........###....@.......
#...########..##@.g......
...## #..####........
...# #.# ###...... ...#
#.. ##.... ...# #..# ##..
...# ..# # ...# ..## .##


You could see Erica and a gnoll.

Vanquished Creatures
  Sigmund (D:6)
  A spriggan (D:7)
  A wraith (D:7)
  Menkaure (D:5)
  Edmund (D:6)
  A water moccasin (D:5)
  Duvessa (D:7)
  An ice beast (D:6)
  A sky beast (D:5)
  5 orc warriors
  3 black bears (D:6)
  7 ogres
  2 centaurs
  A big kobold (D:7)
  A bullfrog (D:6)
  Dowan (D:7)
  2 scorpions
  5 wights (D:6)
  2 howler monkeys
  A bullfrog zombie (D:8)
  3 crimson imps (D:6)
  A jelly (D:6)
  3 orc priests
  A centaur skeleton (D:4)
  A hound (D:6)
  4 orc wizards
  Crazy Yiuf (D:5)
  A bullfrog skeleton (D:5)
  Ijyb (D:2)
  An iguana (D:4)
  Natasha (thrice) (D:4)
  10 worker ants
  A killer bee zombie (D:6)
  7 gnolls
  11 adders
  A shadow imp (D:5)
  2 oozes
  An adder skeleton (D:4)
  An adder zombie (D:6)
  2 worms (D:3)
  3 dart slugs (D:1)
  4 leopard geckos
  21 orcs
  16 bats
  6 giant cockroaches
  3 hobgoblins
  17 jackals
  12 kobolds
  3 quokkas
  A ball python (D:1)
  8 frilled lizards
  12 goblins
  A leopard gecko skeleton (D:6)
  A quokka skeleton (D:4)
  7 rats
210 creatures vanquished.

Vanquished Creatures (others)
  A gnoll (D:8)
1 creature vanquished.

Grand Total: 211 creatures vanquished

Notes
Turn   | Place    | Note
-------+----------+-------------------------------------------
     0 | D:1      | inmateoo the Demonspawn Monk began the quest for the Orb.
     0 | D:1      | Reached XP level 1. HP: 18/18 MP: 1/1
   402 | D:1      | Gained mutation: You regenerate a little health from kills. [demonic ancestry]
   402 | D:1      | Reached XP level 2. HP: 13/24 MP: 2/2
   596 | D:1      | Reached skill level 3 in Unarmed Combat
  1007 | D:2      | Reached XP level 3. HP: 29/29 MP: 3/3
  1088 | D:2      | Found a bloodstained altar of Trog.
  1295 | D:2      | Gained mutation: You are partially covered in thin metallic scales. (AC +2) [demonic ancestry]
  1295 | D:2      | Reached XP level 4. HP: 36/36 MP: 4/4
  1297 | D:2      | Found a burning altar of Makhleb.
  1501 | D:2      | Noticed Ijyb
  1533 | D:2      | Killed Ijyb
  1533 | D:2      | Reached skill level 1 in Armour
  1705 | D:2      | Reached skill level 4 in Unarmed Combat
  2085 | D:3      | Reached XP level 5. HP: 42/42 MP: 5/5
  2598 | D:4      | Noticed a centaur
  2607 | D:4      | Gained mutation: You have sharp toenails. [demonic ancestry]
  2607 | D:4      | Reached XP level 6. HP: 25/48 MP: 6/6
  2612 | D:4      | Reached skill level 5 in Unarmed Combat
  2796 | D:4      | Noticed Natasha
  2811 | D:4      | Killed Natasha
  2925 | D:4      | Found a hazy altar of Hepliaklqana.
  2970 | D:4      | Reached XP level 7. HP: 51/55 MP: 7/7
  3299 | D:4      | Noticed Natasha
  3305 | D:4      | Killed Natasha
  3305 | D:4      | Reached skill level 6 in Unarmed Combat
  3340 | D:4      | Noticed Natasha
  3349 | D:4      | Killed Natasha
  3533 | D:5      | Entered Level 5 of the Dungeon
  3542 | D:5      | Reached skill level 5 in Fighting
  3674 | D:5      | Found Deewiclak's Assorted Antiques.
  3677 | D:5      | Bought a sapphire potion for 20 gold pieces
  3677 | D:5      | Bought a scroll labeled UQETTIMEKK for 23 gold pieces
  3677 | D:5      | Bought a scroll labeled MIAROUTHEY for 23 gold pieces
  3769 | D:5      | Noticed Menkaure
  3783 | D:5      | Gained mutation: You are immune to rotting. [demonic ancestry]
  3783 | D:5      | Reached XP level 8. HP: 37/62 MP: 8/8
  3793 | D:5      | Killed Menkaure
  4029 | D:5      | Reached skill level 7 in Unarmed Combat
  4081 | D:5      | Found a blossoming altar of Fedhas.
  4173 | D:5      | Found a staircase to the Ecumenical Temple.
  4200 | Temple   | Entered the Ecumenical Temple
  4220 | Temple   | Became a worshipper of Cheibriados the Contemplative
  4220 | Temple   | Reached * piety under Cheibriados
  4220 | Temple   | Reached ** piety under Cheibriados
  4259 | D:5      | Found a runed door.
  4261 | D:5      | Got a steaming mace
  4262 | D:5      | Identified the +5 mace of Wrongful Imprisonment {freeze, rC+ Stlth+} (You found it on level 5 of the Dungeon)
  4270 | D:5      | Noticed Crazy Yiuf
  4272 | D:5      | Killed Crazy Yiuf
  4386 | D:6      | Reached skill level 1 in Invocations
  4783 | D:6      | Reached skill level 8 in Unarmed Combat
  4792 | D:6      | Reached XP level 9. HP: 59/69 MP: 11/11
  4929 | D:6      | Reached *** piety under Cheibriados
  5017 | D:6      | Found a sparkling altar of Nemelex Xobeh.
  5146 | D:6      | Reached skill level 9 in Unarmed Combat
  5153 | D:6      | Noticed Edmund
  5188 | D:6      | Killed Edmund
  5210 | D:6      | Noticed Sigmund
  5217 | D:6      | Killed Sigmund
  5515 | D:6      | Reached skill level 10 in Unarmed Combat
  5664 | D:7      | Found an opulent altar of Gozag.
  5891 | D:7      | Noticed Duvessa
  5894 | D:7      | Noticed Dowan
  5897 | D:7      | Killed Duvessa
  5916 | D:7      | Killed Dowan
  6235 | D:7      | Reached **** piety under Cheibriados
  6235 | D:7      | Reached skill level 11 in Unarmed Combat
  6397 | D:7      | Gained mutation: You are mostly covered in thin metallic scales. (AC +3) [demonic ancestry]
  6397 | D:7      | Reached XP level 10. HP: 74/76 MP: 12/12
  6716 | D:8      | Noticed Erica
  6727 | D:8      | Slain by a gnoll

Vault maps used:
D:1:      kennysheep_arrival_forest, dk_noncrumbling_3, nrook_loot_triangle
D:2:      kennysheep_the_goblin_king, lemuel_round_altar, serial_glass,
          glass_columns_b, glass_columns_a, trog_three_pillars_becter
D:3:      minivault_26
D:4:      old_standard_altar, first_bread, uniq_natasha
D:5:      kennysheep_mini_moat, serial_shops, kennysheep_mini, uniq_menkaure,
          uniq_crazy_yiuf_cottage
D:6:      old_standard_altar, sigmund_edmund_badplayer
D:7:      the_bakery, grunt_gozag_breadcrumbs, uniq_duvessa
D:8:      uniq_erica
Temple:   jpeg_temple_clearing

Skill      XL: |  1  2  3  4  5  6  7  8  9 |
---------------+----------------------------+-----
Unarmed Combat | 3 4 5 6 8 11 | 11.3
Dodging        | 3 |  3.6
Armour         | 1 2 3 4 |  4.5
Fighting       | 4 5 6 |  6.1
Invocations    | 2 |  2.9
Stealth        | |  1.7

Action                   |  1- 3 |  4- 6 |  7- 9 | 10-12 || total
-------------------------+-------+-------+-------+-------++-------
Melee: Unarmed           |   178 |   291 |   481 |    33 ||   983
       Punch             |     3 |     4 |    21 |     4 ||    32
       Kick              |       |    23 |   202 |    12 ||   237
Evoke: Wand              |       |       |     6 |       ||     6
  Use: Scroll            |       |    12 |     6 |       ||    18
       Potion            |       |     1 |     4 |     1 ||     6
 Stab: Sleeping          |     1 |     2 |     3 |       ||     6
       Invisible         |       |       |     7 |       ||     7
       Distracted        |       |       |     1 |       ||     1
  Eat: Chunk             |     1 |     6 |     9 |     1 ||    17
Armor: Ring mail         |    79 |   128 |   156 |    15 ||   378
       Robe              |     9 |       |       |       ||     9
Dodge: Dodged            |   128 |   196 |   279 |    29 ||   632
